 Dungeon Crawl Stone Soup version 0.29.1-12-g30fa7ad0bf (webtiles) character file.

Game seed: 2429851732284999210

20 concernfroge the Scratcher (level 2, -1/12 HPs)
             Began as a Felid Transmuter on Jan 15, 2023.
             Slain by a kobold
             ... wielding a +0 short sword
              (5 damage)
             ... on level 2 of the Dungeon.
             The game lasted 00:03:22 (1379 turns).

concernfroge the Scratcher (Felid Transmuter)       Turns: 1379, Time: 00:03:23

Health: -1/12      AC:  1    Str:  6    XL:     2   Next: 58%
Magic:  2/6        EV: 17    Int: 14    God:
Gold:   33         SH:  0    Dex: 16    Spells: 2/5 levels left
                                        Lives:  0   Deaths: 0

rFire   . . .      SeeInvis +     - Unarmed
rCold   . . .      Faith    .   (shield unavailable)
rNeg    . . .      Spirit   .   (body armour unavailable)
rPois   .          Reflect  .   (helmet unavailable)
rElec   .          Harm     .   (cloak unavailable)
rCorr   .          Rampage  .   (gloves unavailable)
Will    .....                   (boots unavailable)
Stlth   ++........              (no amulet)
HPRegen 0.04/turn               (no ring)
MPRegen 0.10/turn               (no ring)

@: appendages, wereblooded, quick
A: horns 2, very small, claws 1, fangs 3, see invisible, speed 1, shaggy fur 1,
stealthy paws, no weapons or thrown items, no armour, multi-lived
a: End Transformation


You were on level 2 of the Dungeon.
You had temporarily grown beastly horns.
You visited 1 branch of the dungeon, and saw 2 of its levels.

You collected 33 gold pieces.

Inventory:

Jewellery
 g - a ring of fire
Scrolls
 b - a scroll of immolation {unknown}
 c - a scroll of fear {unknown}
 d - a scroll of noise {unknown}
 f - a scroll of teleportation {unknown}
Potions
 a - a potion of lignification
 e - 4 potions of curing {unknown}
 h - 3 potions of flight {unknown}


   Skills:
 + Level 1.3 Fighting
 + Level 3.0 Dodging
 + Level 1.1 Stealth
 + Level 3.1 Unarmed Combat
 + Level 2.2 Spellcasting
 + Level 2.4 Transmutations


You had 2 spell levels left.
You knew the following spells:

 Your Spells              Type           Power      Damage    Failure   Level
a - Beastly Appendage     Tmut           16%        N/A       9%          1
b - Wereblood             Tmut           8%         N/A       13%         2

Your spell library contained the following spells:

 Spells                   Type           Power      Damage    Failure   Level
 Spider Form              Tmut/Pois      4%         N/A       38%         3
 Ice Form                 Ice/Tmut       4%         N/A       80%         4


Dungeon Overview and Level Annotations

Branches:
Dungeon (2/15)

Altars:
Hepliaklqana

Shops:
D:1 ?


Innate Abilities, Weirdness & Mutations

You have temporarily grown beastly horns.
You have sharp claws.
You have razor-sharp teeth.
You have supernaturally acute eyesight. (SInv)
You cover ground quickly. (Speed+)
You are covered in fur. (AC +1)
Your paws help you pounce on unaware monsters.
You are incapable of wielding weapons or throwing items.
You cannot wear armour.
You gain extra lives every three experience levels.


Message History

The dart slug is severely wounded.
You scratch the dart slug.
You kill the dart slug!
Your transformation is almost over.
Magic restored.
Your horns disappear.
HP restored.
You see here a dart slug corpse.
Found a stone staircase leading up.
A kobold comes into view. It is wielding a +0 short sword.
An adder and a frilled lizard come into view.
Found a lumpy green potion.
The frilled lizard hisses angrily.
A frilled lizard is nearby!
Casting: Beastly Appendage (safe; 9% risk of failure)
Confirm with . or Enter, or press ? or * to list all spells.
You miscast Beastly Appendage.
You are very lightly contaminated with residual magic.
Nothing appears to happen.
Casting: Beastly Appendage (safe; 9% risk of failure)
Confirm with . or Enter, or press ? or * to list all spells.
You grow a pair of large bovine horns.
Casting: Beastly Appendage (safe; 9% risk of failure)
Confirm with . or Enter, or press ? or * to list all spells.
Your blood is infused with primal strength.
You barely miss the frilled lizard.
Your headbutt misses the frilled lizard.
The frilled lizard bites you.
You miss the frilled lizard. The frilled lizard bites you.
You scratch the kobold.
The kobold is severely wounded.
The frilled lizard misses you.
The kobold hits you with a +0 short sword.
You are too injured to fight recklessly!
You are too injured to fight recklessly!
Your magical contamination has completely faded away.
You closely miss the kobold.
The kobold is severely wounded.
The kobold hits you with a +0 short sword.
You die...

###.##.....†####.....
#.#####...####..... #.#
##.....#..... ## #.##
#......#.... .. #..#
#.....<.....
.###.##.#####.._......).
.......l...##.....##....
###..##K##........######
## #@#####...#.#
#...........#
..########### ..## .##
.. .. ##


You could see a kobold and a frilled lizard.

Vanquished Creatures
  2 dart slugs
  An endoplasm (D:1)
  A giant cockroach (D:1)
  2 goblins
  A hobgoblin (D:1)
  A kobold (D:1)
  A quokka (D:1)
  3 ball pythons (D:1)
  2 bats (D:1)
  A rat (D:1)
15 creatures vanquished.

Notes
Turn   | Place    | Note
-------+----------+-------------------------------------------
     0 | D:1      | concernfroge the Felid Transmuter began the quest for the
                  | Orb.
     0 | D:1      | Reached XP level 1. HP: 9/9 MP: 4/4
   214 | D:1      | Found a faded altar of an unknown god.
   416 | D:1      | Reached XP level 2. HP: 12/12 MP: 4/6
   438 | D:1      | Learned a level 2 spell: Wereblood
   506 | D:1      | Found Oluewk's Magic Scroll Shop.
  1048 | D:1      | Reached skill level 1 in Stealth
  1200 | D:2      | Found a hazy altar of Hepliaklqana.
  1379 | D:2      | Slain by a kobold

Illustrated notes

Levels and vault maps discovered:
D:1:      dpeg_arrival_signposts, layout_basic, shapermc_ecumenical_altar_gd,
          serial_shops, nicolae_shop_hallway_stairs, minmay_misc_feat_iff
D:2:      layout_rooms, basic_altar, st_stairs_8, kennysheep_minor_cross,
          minmay_box_of_dots

Skill      XL: |  1  2 |
---------------+-------+-----
Stealth        | 1 |  1.1
Dodging        | 3 |  3.0
Fighting       | |  1.3
Unarmed Combat | |  3.1
Spellcasting   | |  2.2
Transmutations | |  2.4

Action                   || total
-------------------------++-------
Melee: Unarmed           ||    31
       Bite              ||     2
       Headbutt          ||     1
       Punch             ||     1
 Cast: Beastly Appendage ||    11
       Wereblood         ||     1
 Stab: Sleeping          ||     1
Dodge: Dodged            ||    25
